 Dungeon Crawl Stone Soup version 0.28.0-45-g0d030f2227 (webtiles) character file.

Game seed: 10049919771961255682

12722 nickcage the Bludgeoner (level 11, -3/97 HPs)
             Began as a Minotaur Monk on Apr 12, 2022.
             Was a High Priest of the Shining One.
             Succumbed to a cane toad's poison
             ... on level 2 of the Lair of Beasts.
             The game lasted 00:36:24 (10688 turns).

nickcage the Bludgeoner (Minotaur Monk)            Turns: 10688, Time: 00:36:25

Health: -3/97      AC: 19    Str: 21    XL:     11   Next: 66%
Magic:  10/10      EV:  7    Int:  7    God:    the Shining One [*****.]
Gold:   688        SH:  7    Dex: 12    Spells: 10/10 levels left

rFire   . . .      SeeInvis +   E - +3 flail
rCold   . . .      Faith    .   z - +1 buckler
rNeg    + + .      Spirit   .   L - +0 plate armour
rPois   .          Reflect  .   (helmet restricted)
rElec   .          Harm     .   r - +1 cloak
rCorr   .          Rampage  .   y - +0 pair of gloves
Will    +....                   p - +0 pair of boots
Stlth   ..........              m - amulet of regeneration
HPRegen 1.06/turn               l - ring of see invisible
MPRegen 0.12/turn               a - ring of willpower

@: lethally poisoned (-3 -> -19), glowing
A: horns 2, retaliatory headbutt
a: Renounce Religion, Divine Shield, Cleansing Flame, Summon Divine Warrior


You were on level 2 of the Lair of Beasts.
You worshipped the Shining One.
The Shining One was extremely pleased with you.
You visited 3 branches of the dungeon, and saw 14 of its levels.
You also visited: Bailey.

You collected 730 gold pieces.
You spent 42 gold pieces at shops.

Inventory:

Hand Weapons
 s - a +2 mace of holy wrath
 u - a +0 morningstar
 E - a +3 flail (weapon)
Missiles
 e - 8 poisoned darts (quivered)
 D - 5 throwing nets
Armour
 f - a +0 chain mail
 p - a +0 pair of boots (worn)
 r - a +1 cloak (worn)
 y - a +0 pair of gloves (worn)
 z - a +1 buckler (worn)
 H - +0 acid dragon scales
 L - a +0 plate armour (worn)
Jewellery
 a - a ring of willpower (right hand)
 l - a ring of see invisible (left hand)
 m - an amulet of regeneration (around neck)
 J - a ring of flight
Wands
 o - a wand of iceblast (15)
 A - a wand of charming (9)
 G - a wand of flame (6)
 I - a wand of acid (3)
Scrolls
 c - 3 scrolls of teleportation
 n - 2 scrolls of fog
 C - 4 scrolls of fear
 F - a scroll of magic mapping
 K - a scroll of brand weapon {unknown}
Potions
 b - 2 potions of mutation
 d - 3 potions of lignification
 g - 5 potions of brilliance
 i - 5 potions of degeneration
 j - a potion of heal wounds
 k - 5 potions of magic
 q - a potion of flight
 t - a potion of might
 v - a potion of resistance
 w - a potion of ambrosia
 x - 4 potions of curing
 B - a potion of haste


   Skills:
 + Level 9.2 Fighting
 - Level 16.3 Maces & Flails
 + Level 10.1 Armour
 - Level 3.2 Dodging
 - Level 1.5 Stealth
 * Level 8.0 Shields
 + Level 1.2 Invocations


You had 10 spell levels left.
You didn't know any spells.
Your spell library contained the following spells:

 Spells                   Type           Power      Damage    Failure   Level
 Foxfire                  Conj/Fire      0%         2x1d4     100%        1
 Magic Dart               Conj           0%         1d3       100%        1
 Summon Small Mammal      Summ           0%         N/A       100%        1
 Call Imp                 Summ           0%         N/A       100%        2
 Static Discharge         Conj/Air       0%         N/A       100%        2
 Call Canine Familiar     Summ           0%         N/A       100%        3
 Conjure Flame            Conj/Fire      0%         6-21      100%        3
 Inner Flame              Hex/Fire       0%         N/A       100%        3
 Mephitic Cloud           Conj/Pois/Air  0%         N/A       100%        3
 Summon Guardian Golem    Hex/Summ       0%         N/A       100%        3
 Tukima's Dance           Hex            0%         N/A       100%        3
 Flame Wave               Conj/Fire      0%         2d4       100%        4
 Fulminant Prism          Conj/Hex       0%         3d6       100%        4
 Iskenderun's Mystic Bla  Conj/Tloc      0%         2d3       100%        4
 Passage of Golubria      Tloc           0%         N/A       100%        4
 Lee's Rapid Deconstruct  Erth           0%         3d5*      100%        5
 Lightning Bolt           Conj/Air       0%         1d11      100%        5
 Yara's Violent Unravell  Hex/Tmut       0%         3d3       100%        5
 Maxwell's Capacitive Co  Air            0%         ∞         100%        8


Dungeon Overview and Level Annotations

Branches:
Dungeon (11/15)            Temple (1/1) D:6            Lair (2/6) D:8
    Orc (0/2) D:11         Bailey (visited)
  Swamp: Lair:2-4    Shoals: Lair:2-4     Snake: Lair:2-4    Spider: Lair:2-4

Altars:
Ashenzari
Cheibriados
Dithmenos
Elyvilon
Fedhas
Gozag
Hepliaklqana
Kikubaaqudgha
Makhleb
Nemelex Xobeh
Okawaru
Qazlal
Ru
Sif Muna
Trog
Uskayaw
Vehumet
Wu Jian
Xom
Yredelemnul
Zin
The Shining One
Beogh

Shops:
D:5 !

Annotations:
D:4 3 runed translucent doors, thiscave3701365's ghost, amateur HOBe
D:10 3 runed translucent doors, Lamak's ghost, novice DDFi
Lair:1 Urug


Innate Abilities, Weirdness & Mutations

You have a pair of horns on your head.
You reflexively headbutt those who attack you in melee.


Message History

Aim: a six-headed hydra (moderately wounded, haloed, 97% to hit)
You throw a curare-tipped dart.
The curare-tipped dart hits the six-headed hydra.
The six-headed hydra is moderately wounded.
The six-headed hydra bites you! x2
* * * LOW HITPOINT WARNING * * *
The six-headed hydra bites you.
* * * LOW HITPOINT WARNING * * *
The six-headed hydra barely misses you.
The six-headed hydra closely misses you.
The six-headed hydra barely misses you.
As you read the scroll of teleportation, it crumbles to dust.
You feel strangely unstable.
The six-headed hydra bites you but does no damage.
The six-headed hydra bites you!
* * * LOW HITPOINT WARNING * * *
You block the six-headed hydra's attack.
The six-headed hydra bites you but does no damage. x3
Your surroundings suddenly seem different.
Found 6 poisoned darts.
Found 17 gold pieces and a scroll of identify.
The blink frog blinks!
The blink frog enters a dispersal trap!
The blink frog blinks!
The komodo dragon blinks!
The black mamba blinks!
The blink frog blinks! x2; The komodo dragon blinks!
The cane toad blinks!
The black mamba blinks!
You blink.
The blink frog blinks!
The cane toad croaks.
The black mamba bites you.
* * * LOW HITPOINT WARNING * * *
The black mamba bites you but does no damage.
The blink frog blinks!
The cane toad barely misses you. The black mamba barely misses you.
The cane toad stings you!
* * * LOW HITPOINT WARNING * * *
You are lethally poisoned!
The cane toad poisons you!
The blink frog blinks!
The blink frog hits you but does no damage.
The black mamba bites you but does no damage.
The cane toad stings you but does no damage.
A wyvern comes into view.
You die...

# .#.( ### ##.#...... ...
....#.##.###.# ###
..?..........#.#####.#####
l.P..........#.##.##....##
...l......F...D(D.........
..P..........#########.#P.
.....<.>.....##P## ####..
.........@^F.....##..#.#..
.##........F.............<
..P.......FS......##.##P#.
.Pl.............### ###.
.................# #.
.......P............. ..
$##.###..........#... P.
... #....#....P# .# .. #..
#.........## # #..


You could see a six-headed hydra (wandering), a komodo dragon, a black mamba, a
cane toad, 3 blink frogs and a wyvern (wandering).

Vanquished Creatures
  A hydra (Lair:1)
  3 two-headed ogres (D:10)
  2 cane toads (Lair:1)
  2 komodo dragons
  3 blink frogs (Lair:1)
  A slime creature (Lair:1)
  3 shadows
  A vampire (D:10)
  A wyvern (D:9)
  Grum (Bailey)
  7 yaks
  A basilisk (Lair:1)
  A steam dragon (D:7)
  2 vampire mosquitoes (D:9)
  4 water moccasins
  Duvessa (D:4)
  3 orc warriors
  A sky beast (D:6)
  6 ogres
  5 wolves (Bailey)
  A centaur (D:9)
  2 phantoms
  2 kobold brigands (D:7)
  4 bullfrogs
  7 gnoll sergeants
  2 scorpions (D:4)
  Dowan (D:4)
  11 killer bees
  9 wights (D:7)
  A howler monkey (D:7)
  An electric eel (D:9)
  2 centaur zombies
  8 jellies
  5 hounds
  Crazy Yiuf (D:2)
  8 gnoll shamans
  3 orc priests
  4 iguanas
  A centaur skeleton (D:4)
  Ijyb (D:3)
  Terence (D:3)
  7 orc wizards
  Natasha (thrice) (D:2)
  A scorpion zombie (D:5)
  A killer bee zombie (D:8)
  5 ogre zombies (D:11)
  2 howler monkey zombies
  Robin (D:2)
  5 adders
  29 gnolls
  A howler monkey skeleton (D:7)
  2 shadow imps (D:7)
  2 ufetubi
  A worm (D:4)
  4 dart slugs
  19 orcs
  6 ball pythons
  19 endoplasms
  2 giant cockroaches
  11 goblins
  9 hobgoblins
  3 jackals (D:3)
  6 quokkas
  9 bats
  A frilled lizard (D:2)
  2 goblin skeletons (D:11)
  2 goblin zombies (D:11)
  A hobgoblin skeleton (D:11)
  4 hobgoblin zombies (D:11)
  15 kobolds
  10 orc zombies (D:11)
  4 rats
311 creatures vanquished.

Vanquished Creatures (others)
  21 fungi
  5 plants
26 creatures vanquished.

Grand Total: 337 creatures vanquished

Notes
Turn   | Place    | Note
-------+----------+-------------------------------------------
     0 | D:1      | nickcage the Minotaur Monk began the quest for the Orb.
     0 | D:1      | Reached XP level 1. HP: 19/19 MP: 0/0
   130 | D:1      | Reached skill level 4 in Maces & Flails
   265 | D:1      | Reached XP level 2. HP: 26/26 MP: 1/1
   532 | D:1      | Reached skill level 1 in Armour
  1067 | D:2      | Reached XP level 3. HP: 31/31 MP: 2/2
  1068 | D:2      | Reached skill level 5 in Maces & Flails
  1371 | D:2      | Noticed Natasha
  1386 | D:2      | Killed Natasha
  1387 | D:2      | Reached XP level 4. HP: 32/39 MP: 3/3
  1397 | D:2      | Noticed Robin
  1412 | D:2      | Killed Robin
  1601 | D:2      | Noticed Natasha
  1605 | D:2      | Killed Natasha
  1617 | D:2      | Noticed Natasha
  1623 | D:2      | Killed Natasha
  1624 | D:2      | Reached skill level 6 in Maces & Flails
  1624 | D:2      | Reached XP level 5. HP: 30/45 MP: 4/4
  1889 | D:2      | Found a runed translucent door.
  1890 | D:2      | Noticed Crazy Yiuf
  1895 | D:2      | Killed Crazy Yiuf
  2035 | D:3      | Noticed Ijyb
  2052 | D:3      | Killed Ijyb
  2067 | D:3      | Reached XP level 6. HP: 51/51 MP: 5/5
  2117 | D:3      | Found a shimmering altar of Xom.
  2345 | D:3      | Noticed Terence
  2351 | D:3      | Killed Terence
  2390 | D:3      | Found a faded altar of an unknown god.
  2451 | D:4      | Reached skill level 7 in Maces & Flails
  2452 | D:4      | Reached skill level 5 in Armour
  2544 | D:4      | Noticed Duvessa
  2544 | D:4      | Noticed Dowan
  2551 | D:4      | Killed Duvessa
  2552 | D:4      | Reached skill level 8 in Maces & Flails
  2552 | D:4      | Reached XP level 7. HP: 57/57 MP: 6/6
  2557 | D:4      | Killed Dowan
  2789 | D:4      | Reached skill level 9 in Maces & Flails
  2948 | D:4      | Found a runed translucent gate.
  2948 | D:4      | Found a runed translucent gate.
  2948 | D:4      | Found a runed translucent gate.
  2948 | D:4      | Identified the +5 short sword of a bazaar {vorpal, rF+
                  | Will- Int+7}
  2948 | D:4      | Identified the +1 leather armour of Sabenaz {rN+}
  2950 | D:4      | Noticed thiscave3701365's ghost (amateur HOBe)
  2987 | D:4      | Reached skill level 10 in Maces & Flails
  2995 | D:4      | Reached XP level 8. HP: 55/64 MP: 7/7
  3290 | D:4      | Found a blossoming altar of Fedhas.
  3452 | D:5      | Entered Level 5 of the Dungeon
  3557 | D:5      | Found a shimmering blue altar of Sif Muna.
  3600 | D:5      | Found a sparkling altar of Nemelex Xobeh.
  3601 | D:5      | Found a bloodstained altar of Trog.
  3602 | D:5      | Found a glowing silver altar of Zin.
  3685 | D:5      | Found Ryewn's Distillery.
  3708 | D:5      | Bought a potion of curing for 42 gold pieces
  3819 | D:5      | Reached skill level 11 in Maces & Flails
  4056 | D:6      | Found a staircase to the Ecumenical Temple.
  4069 | Temple   | Entered the Ecumenical Temple
  4126 | Temple   | Became a worshipper of the Shining One
  4126 | Temple   | Reached * piety under the Shining One
  4126 | Temple   | Reached ** piety under the Shining One
  4506 | D:6      | Reached skill level 12 in Maces & Flails
  4861 | D:7      | Reached skill level 13 in Maces & Flails
  4994 | D:7      | Reached XP level 9. HP: 65/70 MP: 8/8
  5180 | D:7      | Reached skill level 14 in Maces & Flails
  5274 | D:7      | Reached skill level 1 in Shields
  5658 | D:7      | Reached *** piety under the Shining One
  5815 | D:7      | Found a sacrificial altar of Ru.
  6036 | D:8      | Reached skill level 15 in Maces & Flails
  6132 | D:8      | Found a staircase to the Lair.
  6725 | D:8      | Found a hazy altar of Hepliaklqana.
  6725 | D:8      | Found a stormy altar of Qazlal.
  7040 | D:9      | Reached skill level 16 in Maces & Flails
  7054 | D:9      | Reached XP level 10. HP: 72/77 MP: 9/9
  7287 | D:9      | Found an opulent altar of Gozag.
  7713 | D:10     | Entered Level 10 of the Dungeon
  7755 | D:10     | Noticed a two-headed ogre
  7760 | D:10     | Killed a two-headed ogre
  7761 | D:10     | Reached skill level 5 in Fighting
  7775 | D:10     | Noticed a two-headed ogre
  7783 | D:10     | Killed a two-headed ogre
  7784 | D:10     | Reached skill level 1 in Invocations
  7914 | D:10     | Reached skill level 5 in Shields
  8067 | D:10     | Found a runed translucent gate.
  8068 | D:10     | Noticed a nine-headed hydra
  8068 | D:10     | Noticed Lamak's ghost (novice DDFi)
  8070 | D:10     | Found a runed translucent gate.
  8071 | D:10     | Found a runed translucent gate.
  8240 | D:10     | Found a flagged portal.
  8250 | Bailey   | Entered a bailey
  8322 | Bailey   | Reached **** piety under the Shining One
  8364 | Bailey   | Noticed Grum
  8379 | Bailey   | Killed Grum
  8385 | Bailey   | Reached XP level 11. HP: 39/92 MP: 10/10
  8883 | Bailey   | Identified the +9 shortbow "Hylom" {venom, Str-2 Dex+4}
  9090 | D:10     | Noticed a two-headed ogre
  9102 | D:10     | Killed a two-headed ogre
  9430 | D:11     | Found a staircase to the Orcish Mines.
  9445 | D:11     | Reached ***** piety under the Shining One
  9607 | D:11     | Noticed a boulder beetle
  9615 | D:11     | Noticed a two-headed ogre
  9766 | Lair:1   | Entered Level 1 of the Lair of Beasts
 10251 | Lair:1   | Noticed a five-headed hydra
 10259 | Lair:1   | Killed a five-headed hydra
 10330 | Lair:1   | Noticed Urug
 10414 | Lair:1   | Reached skill level 10 in Armour
 10666 | Lair:2   | Noticed a six-headed hydra
 10687 | Lair:2   | HP: 2/97 [cane toad (10)]
 10688 | Lair:2   | Succumbed to a cane toad's poison

Illustrated notes

Levels and vault maps discovered:
D:1:      sevenhm_arrival_forest_fort_small_6, layout_loops_ring
D:2:      layout_loops_ring, uniq_robin, uniq_crazy_yiuf_cottage, uniq_natasha
D:3:      layout_rooms, xom_confusion_cloud, hellmonk_ecumenical_altar_blasted,
          minivault_19, uniq_terence, uniq_ijyb
D:4:      minmay_spotlight, layout_loops_ring, fedhas_altar_fruit_tree,
          biasface_ghost_orc_armoury, kennysheep_generic_room_7, uniq_duvessa
D:5:      layout_rooms, mainiacjoe_overflow_tiny_flanked,
          chequers_temple_overflow_statue_of_worship, serial_shops,
          nicolae_stop_n_shop_1
D:6:      layout_basic, minmay_temple_entry_stoned_glass, roderic_lattice_a
D:7:      minmay_razor_zed, layout_basic, nicolae_ru_path_of_blood,
          lemuel_flamethrower_2
D:8:      layout_loops_ring, gammafunk_temple_overflow_wave, dpeg_oklobed_lair,
          grunt_ogre_cave, nicolae_underground_beach
D:9:      layout_roguey, lemuel_round_altar, serial_bayou_lagoon_a,
          grunt_ministairs_12
D:10:     layout_long_grid, enter_bailey_2, gammafunk_ghost_hydra_chop
D:11:     layout_irregular_city, zombieorc1_lemuel,
          portal_ice_cave_entry_pillars_1, uniq_sonja
Temple:   minmay_temple_bridge_abc
Lair:1:   lemuel_slime, layout_loops_ring, uniq_urug
Lair:2:   layout_loops_ring, serial_bayou_shore_b, uniq_gastronok

Skill      XL: |  1  2  3  4  5  6  7  8  9 10 11 |
---------------+----------------------------------+-----
Maces & Flails | 4 5 6 8 10 13 16 | 16.3
Armour         | 1 2 3 4 5 8 10 | 10.1
Shields        | 1 5 8 |  8.0
Fighting       | 7 9 |  9.2
Invocations    | 1 |  1.2
Dodging        | |  3.2
Stealth        | |  1.5

Action                   |  1- 3 |  4- 6 |  7- 9 | 10-12 || total
-------------------------+-------+-------+-------+-------++-------
Melee: Mace              |    56 |   130 |   295 |    22 ||   503
       Headbutt          |    10 |    30 |    73 |   113 ||   226
       Punch             |       |     2 |     5 |       ||     7
       Flail             |       |       |       |   395 ||   395
Throw: Dart              |       |     4 |     6 |    34 ||    44
Invok: Divine Shield     |       |       |     1 |     1 ||     2
  Use: Scroll            |       |    10 |     7 |     8 ||    25
       Potion            |       |       |       |     3 ||     3
 Stab: Sleeping          |     1 |       |       |       ||     1
Armor: Scale mail        |     3 |       |       |       ||     3
       Chain mail        |    20 |    81 |   113 |   122 ||   336
       Plate armour      |       |       |       |    61 ||    61
Dodge: Dodged            |    21 |    69 |    93 |   141 ||   324
Block: Buckler           |       |       |     6 |   118 ||   124
       Other             |       |       |     4 |       ||     4
